 Dungeon Crawl Stone Soup version 0.31-a0-986-g5e6e4ef867 (webtiles) character file.

Game seed: 8435686322687082097

11547735 RepHenryClay the Annihilator (level 27, 176/176 HPs)
             Began as a Deep Elf Fire Elementalist on Oct 30, 2023.
             Was the Champion of Vehumet.
             Escaped with the Orb
             ... and 15 runes on Nov 5, 2023!
             The game lasted 06:59:52 (141515 turns).

RepHenryClay the Annihilator (DEFE)               Turns: 141515, Time: 06:59:53

Health: 176/176    AC: 10    Str:  9    XL:     27
Magic:  53/56      EV: 40    Int: 35    God:    Vehumet [******]
Gold:   14706      SH: 16    Dex: 27    Spells: 9/80 levels left

rFire   + + +        V - staff "Savvog" {rElec rF++ Dex-2 Conj}
rCold   + . .        o - +2 buckler {rN+}
rNeg    + + .        X - +2 robe {rC+ rF+}
rPois   .            U - +2 helmet {Int+3}
rElec   +            m - scarf {repulsion}
rCorr   .            q - +2 pair of gloves {Dex+3}
SInv    +            f - +0 pair of boots "Abil" {rF+ Regen+}
Will    ++++.        K - amulet "Hoppec" {Reflect Will+ SH+5}
Stlth   ++           W - ring "Ceum" {Will+ Int+6 Dex+3 Stlth+}
HPRegen 1.29/turn    c - ring "Ilatz" {rN+ Str+3 SInv}
MPRegen 0.35/turn

%: repel missiles, reflection
@: studying Summonings
A: agile 1, deformed body, dopey 1, mutation resistance 1
0: Orb of Zot
}: 15/15 runes: decaying, slimy, silver, golden, iron, obsidian, icy, bone,
abyssal, demonic, glowing, magical, fiery, dark, gossamer
a: Renounce Religion


You escaped.
You worshipped Vehumet.
Vehumet was exalted by your worship.
You visited 18 branches of the dungeon, and saw 88 of its levels.
You visited Pandemonium 1 time, and saw 15 of its levels.
You visited the Abyss 2 times.
You also visited: Trove, Gauntlet, Ice Cave and Desolation.

You collected 18032 gold pieces.
You spent 3326 gold pieces at shops.

Inventory:

Hand Weapons
 J - the +8 lance "Wyrmbane" {slay drac, rPois rF+ rC+ AC+3}
   (You found it on level 7 of Tartarus)

   AC+3:      It affects your AC (+3).
   rF+:       It protects you from fire.
   rC+:       It protects you from cold.
   rPois:     It protects you from poison
Armour
 f - the +0 pair of boots "Abil" (worn) {rF+ Regen+}
   (You found it in a treasure trove)

   rF+:       It protects you from fire.
   Regen+:    It increases your rate of health regeneration.
 m - a scarf of repulsion (worn)
 o - a +2 buckler of positive energy (worn)
 q - a +2 pair of gloves of dexterity (worn)
 A - a +0 pair of boots of flying
 G - a +1 buckler of cold resistance
 U - a +2 helmet of intelligence (worn)
 X - a +2 robe of resistance (worn)
Magical Staves
 a - the staff of the Desert {rPois rF+ Str+3 Fire}
   (You found it in a Gauntlet)

   [staff of fire]

   Base accuracy: +5 Base damage: 5 Base attack delay: 1.2 This weapon's minimum
   attack delay (0.6) is reached at skill level 12.
   Str+3:     It affects your strength (+3).
   rF+:       It protects you from fire.
   rPois:     It protects you from poison Fire: It increases the power of your
   Fire spells.
   It falls into the 'Staves' category.
   It is a one-handed weapon.
 M - a staff of earth
 V - the staff "Savvog" (weapon) {rElec rF++ Dex-2 Conj}
   (You found it on level 10 of the Dungeon)

   [staff of conjuration]

   Base accuracy: +5 Base damage: 5 Base attack delay: 1.2 This weapon's minimum
   attack delay (0.6) is reached at skill level 12.
   Dex-2:     It affects your dexterity (-2).
   rF++:      It greatly protects you from fire.
   rElec:     It insulates you from electricity.
   Conj:      It increases the power of your Conjurations spells.
   It falls into the 'Staves' category.
   It is a one-handed weapon.
 Z - a staff of air
Jewellery
 c - the ring "Ilatz" (right hand) {rN+ Str+3 SInv}
   (You found it in Pandemonium)

   [ring of positive energy]

   Str+3:     It affects your strength (+3).
   rN+:       It protects you from negative energy.
   SInv:      It lets you see invisible.
 e - the amulet of Jieryho {Acrobat rPois Int+3}
   (You found it in a treasure trove)

   [amulet of the acrobat]

   Acrobat:   It increases your evasion while moving and waiting.
   Int+3:     It affects your intelligence (+3).
   rPois:     It protects you from poison
 j - the ring of Dagucue {rC+ rN+}
   (You found it in the Desolation of Salt)

   [ring of positive energy]

   rC+:       It protects you from cold.
   rN+:       It protects you from negative energy.
 k - an amulet of regeneration
 s - the ring of Voisar {rCorr Stlth+}
   (You took it off Antaeus on level 7 of Cocytus)

   [ring of resist corrosion]

   rCorr:     It protects you from acid and corrosion.
   Stlth+:    It makes you more stealthy.
 K - the amulet "Hoppec" (around neck) {Reflect Will+ SH+5}
   (You found it on level 7 of Tartarus)

   [amulet of reflection]

   Reflect:   It reflects blocked missile attacks.
   Will+:     It increases your willpower.
   SH+5:      It affects your SH (+5).
 L - the ring "Eqiag" {rElec EV+5 Str+3 Dex+7}
   (You found it in the Desolation of Salt)

   [ring of evasion]

   EV+5:      It affects your evasion (+5).
   Str+3:     It affects your strength (+3).
   Dex+7:     It affects your dexterity (+7).
   rElec:     It insulates you from electricity.
 O - the ring of Dishonour {Drain rElec rC+ Will+}
   (You found it on level 7 of Cocytus)

   [ring of willpower]

   rC+:       It protects you from cold.
   rElec:     It insulates you from electricity.
   Will+:     It increases your willpower.
   Drain:     It drains your maximum health when unequipped.
 Q - the ring of the Hare {EV+10}
   (You found it on level 5 of the Pits of Slime)

   [ring of evasion]

   EV+10:     It affects your evasion (+10).
 R - the ring of the Endless Expanse {rC++ Will+ Int+6 SInv Stlth-}
   (You found it on level 7 of Gehenna)

   [ring of intelligence]

   Int+6:     It affects your intelligence (+6).
   rC++:      It greatly protects you from cold.
   Will+:     It increases your willpower.
   SInv:      It lets you see invisible.
   Stlth-:    It makes you less stealthy.
 W - the ring "Ceum" (left hand) {Will+ Int+6 Dex+3 Stlth+}
   (You found it in a Gauntlet)

   [ring of intelligence]

   Int+6:     It affects your intelligence (+6).
   Dex+3:     It affects your dexterity (+3).
   Will+:     It increases your willpower.
   Stlth+:    It makes you more stealthy.
 Y - the ring of Noon {rPois rF+++ rCorr Dex+6 Slay-6}
   (You found it in Pandemonium)

   [ring of dexterity]

   Dex+6:     It affects your dexterity (+6).
   Slay-6:    It affects your accuracy & damage with ranged weapons and melee
   (-6).
   rF+++:     It renders you almost immune to fire.
   rPois:     It protects you from poison rCorr: It protects you from acid and
   corrosion.
Wands
 r - a wand of digging (28)
 B - a wand of roots (111)
 E - a wand of light (57)
 H - a wand of paralysis (147)
 T - a wand of mindburst (81)
Scrolls
 d - 3 scrolls of revelation
 h - 4 scrolls of amnesia
 i - 9 scrolls of enchant armour
 t - a scroll of blinking
 u - 14 scrolls of fog
 F - 11 scrolls of teleportation
 N - 10 scrolls of immolation
 S - 56 scrolls of identify {@r1}
Potions
 b - 14 potions of might
 g - 21 potions of curing
 l - 4 potions of magic
 n - 10 potions of mutation
 p - 6 potions of resistance
 w - 6 potions of brilliance
 x - 10 potions of cancellation
 y - 5 potions of invisibility
 z - 4 potions of haste
 C - 11 potions of enlightenment
 D - 4 potions of ambrosia
 I - 2 potions of heal wounds
 P - 11 potions of lignification
Miscellaneous
 v - a lightning rod (4/4)


   Skills:
 + Level 18.8 Fighting
 - Level 5.0 Short Blades
 - Level 12.0 Staves
 O Level 27 Dodging
 - Level 10.0 Stealth
 - Level 12.0 Shields
 O Level 27 Spellcasting
 O Level 27 Conjurations
 O Level 27 Necromancy
 - Level 10.0 Translocations
 - Level 22.0 Fire Magic
 - Level 23.5 Air Magic
 O Level 27 Earth Magic
 + Level 19.2 Evocations


You had 9 spell levels left.
You knew the following spells:

 Your Spells              Type           Power      Damage    Failure   Level
a - Bombard               Conj/Erth      75%        9d12      0%          6
b - Orb of Destruction    Conj           75%        9d17      0%          7
c - Maxwell's Capacitive  Air            59%        ∞         1%          8
d - Shatter               Erth           62%        3d46*     1%          9
e - Plasma Beam           Fire/Air       58%        2x1d74    0%          6
f - Fire Storm            Conj/Fire      72%        8d18      1%          9
g - Chain Lightning       Conj/Air       73%        3d98      1%          9
h - Death's Door          Necr           62%        N/A       1%          9
i - Iskenderun's Mystic   Conj/Tloc      100%       2d19      0%          4
Q - Blink                 Tloc           100%       N/A       0%          2
W - Sublimation of Blood  Necr           100%       N/A       0%          2

Your spell library contained the following spells:

 Spells                   Type           Power      Damage    Failure   Level
 Apportation              Tloc           100%       N/A       0%          1
 Foxfire                  Conj/Fire      100%       2x1d9     0%          1
 Kiss of Death            Conj/Necr      100%       2d13      0%          1
 Magic Dart               Conj           100%       1d8       0%          1
 Necrotise                Necr           100%       1d9       0%          1
 Sandblast                Erth           100%       2d20      0%          1
 Shock                    Conj/Air       100%       1d9       0%          1
 Cigotuvi's Dreadful Rot  Necr/Pois/Air  100%       N/A       0%          2
 Lesser Beckoning         Tloc           100%       N/A       0%          2
 Momentum Strike          Conj/Tloc      100%       3d10      0%          2
 Passwall                 Tmut/Erth      80%        N/A       0%          2
 Poisonous Vapours        Pois/Air       100%       N/A       0%          2
 Scorch                   Fire           100%       2d9       0%          2
 Static Discharge         Conj/Air       100%       3-8/arc   0%          2
 Hailstorm                Conj/Ice       100%       3d20      0%          3
 Inner Flame              Hex/Fire       90%        N/A       0%          3
 Mephitic Cloud           Conj/Pois/Air  100%       N/A       0%          3
 Stone Arrow              Conj/Erth      100%       3d13      0%          3
 Swiftness                Air            100%       N/A       0%          3
 Vampiric Draining        Necr           100%       2d13      0%          3
 Volatile Blastmotes      Fire/Tloc      100%       2d18      0%          3
 Airstrike                Air            59%        2d(9-25)  0%          4
 Animate Dead             Necr           100%       N/A       0%          4
 Brom's Barrelling Bould  Conj/Erth      100%       2d11      0%          4
 Dispel Undead            Necr           100%       3d31      0%          4
 Flame Wave               Conj/Fire      100%       2d21      0%          4
 Fulminant Prism          Conj/Hex       59%        3d25      0%          4
 Sticky Flame             Conj/Fire      100%       2d11      0%          4
 Agony                    Necr           100%       N/A       0%          5
 Borgnjor's Vile Clutch   Necr/Erth      62%        N/A       0%          5
 Fireball                 Conj/Fire      72%        3d27      0%          5
 Freezing Cloud           Conj/Ice/Air   64%        6-21      0%          5
 Iskenderun's Battlesphe  Conj           100%       2d15      0%          5
 Lee's Rapid Deconstruct  Erth           62%        3d29*     0%          5
 Conjure Ball Lightning   Conj/Air       73%        3x3d27    0%          6
 Death Channel            Necr           62%        N/A       0%          6
 Starburst                Conj/Fire      72%        6d19      0%          6
 Freeze                   Ice            100%       1d10      1%          1
 Slow                     Hex            100%       N/A       1%          1
 Sting                    Tmut/Pois      100%       1d8       1%          1
 Summon Small Mammal      Summ           100%       N/A       1%          1
 Call Imp                 Summ           94%        N/A       1%          2
 Ensorcelled Hibernation  Hex/Ice        94%        N/A       1%          2
 Jinxbite                 Hex            94%        N/A       1%          2
 Wereblood                Tmut           47%        N/A       1%          2
 Call Canine Familiar     Summ           47%        N/A       1%          3
 Confusing Touch          Hex            47%        N/A       1%          3
 Frozen Ramparts          Ice            94%        1d15      1%          3
 Gell's Gravitas          Tloc           87%        N/A       1%          3
 Ignite Poison            Fire/Tmut/Pois 78%        N/A       1%          3
 Ozocubu's Armour         Ice            47%        N/A       1%          3
 Sigil of Binding         Hex            47%        N/A       1%          3
 Summon Guardian Golem    Hex/Summ       47%        N/A       1%          3
 Teleport Other           Tloc           87%        N/A       1%          3
 Tukima's Dance           Hex            47%        N/A       1%          3
 Anguish                  Hex/Necr       48%        N/A       1%          4
 Animate Armour           Summ/Erth      100%       N/A       1%          4
 Dimensional Bullseye     Hex/Tloc       35%        N/A       1%          4
 Leda's Liquefaction      Hex/Erth       48%        N/A       1%          4
 Manifold Assault         Tloc           87%        N/A       1%          4
 Passage of Golubria      Tloc           87%        N/A       1%          4
 Petrify                  Tmut/Erth      96%        N/A       1%          4
 Summon Lightning Spire   Summ/Air       92%        N/A       1%          4
 Irradiate                Conj/Tmut      59%        3d31      1%          5
 Summon Forest            Summ/Tloc      35%        N/A       1%          5
 Dispersal                Tloc           43%        N/A       1%          6
 Simulacrum               Ice/Necr       48%        N/A       1%          6
 Haunt                    Necr/Summ      48%        N/A       1%          7
 Spellforged Servitor     Conj/Summ      59%        N/A       1%          7
 Borgnjor's Revivificati  Necr           62%        N/A       1%          8
 Ignition                 Fire           58%        3d16      1%          8
 Infestation              Necr           62%        N/A       1%          8
 Lehudib's Crystal Spear  Conj/Erth      75%        10d17     1%          8
 Yara's Violent Unravell  Hex/Tmut       23%        3d10      4%          5
 Cause Fear               Hex            23%        N/A       5%          4
 Summon Ice Beast         Ice/Summ       47%        N/A       5%          4
 Alistair's Intoxication  Tmut/Pois      31%        N/A       16%         5
 Metabolic Englaciation   Hex/Ice        23%        N/A       16%         5
 Summon Mana Viper        Hex/Summ       47%        N/A       16%         5
 Eringya's Noxious Bog    Tmut/Pois      23%        4d6       21%         6
 Malign Gateway           Summ/Tloc      35%        N/A       52%         7
 Disjunction              Tloc           43%        N/A       52%         8
 Summon Cactus Giant      Summ           23%        N/A       63%         6
 Ozocubu's Refrigeration  Ice            23%        4d12      71%         7
 Enfeeble                 Hex            23%        N/A       99%         7
 Monstrous Menagerie      Summ           23%        N/A       99%         7
 Summon Hydra             Summ           23%        N/A       99%         7
 Summon Horrible Things   Summ           23%        N/A       100%        8
 Dragon's Call            Summ           23%        N/A       100%        9
 Polar Vortex             Ice            23%        12d3*     100%        9


Dungeon Overview and Level Annotations

Branches:
Dungeon (15/15)            Temple (1/1) D:4            Lair (5/5) D:11
  Swamp (4/4) Lair:2       Spider (4/4) Lair:2        Slime (5/5) Lair:4
    Orc (2/2) D:10            Elf (3/3) Orc:2        Vaults (5/5) D:13
  Crypt (3/3) Vaults:3       Tomb (3/3) Crypt:3      Depths (4/4) D:15
   Hell (visited)             Dis (7/7) Hell            Geh (7/7) Hell
    Coc (7/7) Hell            Tar (7/7) Hell            Zot (5/5) Depths:4
  IceCv (visited)         Desolation (visited)      Gauntlet (visited)

Altars:
Ashenzari
Cheibriados
Dithmenos
Elyvilon
Fedhas
Gozag
Hepliaklqana
Kikubaaqudgha
Makhleb
Nemelex Xobeh
Okawaru
Qazlal
Ru
Sif Muna
Trog
Uskayaw
Vehumet
Wu Jian
Xom
Yredelemnul
Zin
The Shining One
Jiyva

Shops:
D:1 !   D:2 !   D:4 (   D:7 !   Orc:1 *(=   Orc:2 *(*[   Vaults:2 [
Vaults:3 =   Depths:3 (

Portals:
Hell: Depths:1 Depths:2 Depths:3 Depths:4
Abyss: Swamp:1 Depths:3
Pandemonium: Depths:2
Ziggurat: Depths:2

Annotations:
Tomb:1 1 exclusion
Dis:7 Dispater


Innate Abilities, Weirdness & Mutations

You are agile. (Dex +4, Str/Int -1)
Armour fits poorly on your strangely shaped body.
You are dopey. (Int -2)
You are somewhat resistant to further mutation.


Message History

Press: ? - help, Shift-Dir - straight line, f/p - lorocyproca
Aim: a lorocyproca (severely wounded, slightly transparent, 79% to hit)
You feel a surge of power!
The iron shot hits the lorocyproca!!!
You kill the lorocyproca!
Vehumet accepts your kill.
You feel your power returning.
What level of the Dungeon? (default 1, ? - help)
There is a stone staircase leading up here.
You climb upwards.
There is a stone staircase leading down here.
There is an open door here.
There is an open door here.
There is an open door here.
There is a stone staircase leading up here.
Magic restored.
You climb upwards.
There is a stone staircase leading down here.
There is a stone staircase leading up here.
You climb upwards.
There is a stone staircase leading down here.
There is a stone staircase leading up here.
You climb upwards.
There is a stone staircase leading down here.
There is a stone staircase leading up here.
You climb upwards.
There is a stone staircase leading down here.
There is a stone staircase leading up here.
You climb upwards.
There is a stone staircase leading down here.
There is an open door here.
A toenail golem comes into view.
Casting: Bombard (safe; 0% risk of failure)
Confirm with . or Enter, or press ? or * to list all spells.
The dungeon rumbles!
You destroy the toenail golem!
Vehumet accepts your kill.
You feel your power returning.
Ka-crash!
You hear a roar!
There is a staircase leading out of the dungeon here.
You have escaped!

####.#..#.#.#....##.####.##.#######
##......#.#........................
##'#....#.################.........
)...#####.# #############.###...).
..........# ##.....................
.....###### #..###########.###....)
....># #......'....♣#.# #.....
.....# #..#...####'##.# #.....
...#.# ##.#.@.#♣♣♣.♣#.# #.....
.....########..#...#♣..♣♣#.###.....
######.........#...#.♣♣♣ #.........
..# #.........#####'######........
#.# #.........#.........###......#
#.# #.........#.........# #......#
#.# #................§.§# #......#
#.# ######.#..#~......§§# #......#
#.# #......#.#~.~...≈§§# #......#


There were no monsters in sight!

Vanquished Creatures
  Cerebov (Pan)
  Antaeus (Coc:7)
  Ereshkigal (Tar:7)
  Asmodeus (Geh:7)
  the Royal Jelly (Slime:5)
  Dissolution (Slime:3)
  Gloorx Vloq (Pan)
  the Serpent of Hell (Geh:7)
  Lom Lobon (Pan)
  4 dread liches
  Mnoleg (Pan)
  10 orbs of fire
  5 juggernauts
  7 ancient liches
  6 pandemonium lords
  Josephina (Zot:1)
  27 royal mummies
  Sojobo (Vaults:2)
  26 shard shrikes
  Bai Suzhen (Swamp:4)
  2 Killer Klowns (Zot:5)
  Margery (Crypt:3)
  Geryon (Hell)
  The ghost of Qaniympis the Stormcaller, a veteran DgEE (Zot:3)
  22 caustic shrikes
  11 golden dragons
  Norris (D:15)
  13 profane servitors
  Nikola (Spider:3)
  A pearl dragon (Pan)
  33 Tzitzimimeh
  17 doom hounds
  11 Brimstone Fiends
  16 bone dragons
  15 hellephants
  5 iron giants
  3 electric golems
  16 Hell Sentinels
  8 liches
  21 Ice Fiends
  20 tentacled monstrosities
  19 titans
  27 Orb Guardians
  21 tainted leviathans
  12 sphinxes
  16 acid blobs
  A deep elf blademaster (Elf:3)
  2 deep elf master archers (Elf:3)
  6 quicksilver dragons
  27 searing wretches
  An eldritch tentacle (Pan)
  6 death cobs
  A tentacled starspawn (Swamp:1)
  15 tengu reavers
  24 ancient champions
  31 Executioners
  7 shadow dragons
  A thorn hunter (Swamp:4)
  The ghost of Ylluogh the Protected, an adept GnWn of Ashenzari (Swamp:1)
  3 revenants
  8 draconian monks
  13 storm dragons
  19 narguns
  10 azure jellies
  26 fire giants
  3 demonspawn warmongers (Pan)
  9 emperor scorpions
  6 daevas
  An azure jelly (shapeshifter) (Depths:3)
  13 quicksilver elementals
  2 imperial myrmidons (Desolation)
  47 balrugs
  5 rockslimes
  3 deep elf sorcerers
  4 draconian knights
  13 frost giants
  2 spectral juggernauts
  4 iron dragons
  11 ghost moths
  Louise (Elf:3)
  20 vault wardens
  A spectral caustic shrike (Tar:2)
  2 draconian stormcallers
  A draconian shifter (Zot:1)
  7 draconian scorchers
  6 shard shrike simulacra
  11 angels
  4 deep elf elementalists (Elf:3)
  5 curse skulls
  5 ghouls
  5 orc warlords
  23 ironbound preservers
  32 cacodemons
  11 reapers
  2 demonspawn corrupters (Pan)
  43 war gargoyles
  11 quicksilver oozes
  47 very ugly things
  A broodmother (Spider:4)
  3 demonspawn blood saints (Pan)
  16 ironbound thunderhulks
  7 deep elf demonologists
  9 draconian annihilators
  12 stone giants
  16 apis (Pan)
  5 ophanim (Pan)
  17 green draconians
  11 formless jellyfish
  Nessos (D:13)
  3 vampire knights
  17 white draconians
  9 yellow draconians
  31 putrid mouths
  A spectral titan (Tar:1)
  17 black draconians
  30 elemental wellsprings
  A halazid warlock (Desolation)
  3 demonspawn black suns (Pan)
  3 spark wasps
  19 wendigos
  7 eleionomae
  A minotaur (Gauntlet)
  10 deep elf annihilators
  Azrael (D:13)
  14 red draconians
  10 bennus
  12 lorocyprocas
  5 bunyips
  21 dire elephants
  7 purple draconians
  2 crystal guardians (Desolation)
  A spark wasp (shapeshifter) (Depths:4)
  10 deep elf death magi
  8 blizzard demons
  Snorg (D:10)
  15 ettins
  4 eidola
  17 green deaths
  12 iron golems
  A quicksilver dragon zombie (Crypt:1)
  15 jiangshi
  9 fire dragons
  2 spectral quicksilver dragons
  23 mummy priests
  2 spectral spriggans (Tar:3)
  4 deep elf high priests
  3 shambling mangroves (Swamp:4)
  7 ragged hierophants (Desolation)
  A fenstrider witch zombie (Crypt:1)
  7 entropy weavers
  37 vault guards
  11 servants of whispers (Desolation)
  The ghost of freelancePsychic the Fighter, a journeyman DsWn of Ashenzari (Orc:2)
  17 hydras
  7 yaktaur captains
  7 great orbs of eyes
  11 juggernaut simulacra
  9 caustic shrike simulacra
  12 rakshasas
  4 ogre magi
  2 spriggan zombies
  A spectral fenstrider witch (Tar:2)
  15 salamander tyrants
  10 ice dragons
  11 peacekeepers
  4 spriggan skeletons
  8 ironbound frosthearts
  18 stokers
  2 radroaches (Spider:4)
  A boulder beetle (shapeshifter) (Depths:4)
  7 hell beasts
  2 catoblepae
  7 alligators
  A jorogumo (Spider:2)
  18 centaur warriors
  3 spriggan air magi
  4 ghost crabs
  12 boulder beetles
  5 tengu warriors
  6 death knights
  16 two-headed ogres
  32 dancing weapons
  38 death scarabs
  6 deep troll shamans
  17 demonic crawlers
  A two-headed ogre (shapeshifter) (D:15)
  7 death yaks
  9 vampire magi
  2 spectral dire elephants
  4 spriggan berserkers
  2 thrashing horrors
  Urug (D:12)
  9 deep troll earth magi
  3 occultists
  3 holy swine (Abyss:3)
  2 titan zombies
  52 hell hogs
  28 hell knights
  3 orc high priests
  A quicksilver ooze zombie (Crypt:2)
  34 soul eaters
  15 deep elf knights
  65 sun demons
  3 storm dragon skeletons
  Nergalle (Lair:3)
  5 skysharks
  2 bunyip zombies
  50 skeletal warriors
  6 iron trolls
  3 sun moths
  2 spectral bunyips
  5 goliath frogs
  32 shadow wraiths
  9 pharaoh ants
  2 anaconda zombies
  16 crystal echidnas
  31 sixfirhies (Pan)
  2 cherubim (Pan)
  A golden dragon zombie (Hell)
  3 spriggan druids
  A death drake (shapeshifter) (Vaults:5)
  4 glowing orange brains
  3 flayed ghosts (Crypt:2)
  5 deep elf archers
  A shadow demon (Depths:2)
  7 quicksilver dragon simulacra
  5 kraken simulacra (Coc:6)
  A sea snake (shapeshifter) (Vaults:5)
  57 deep trolls
  10 orb spiders
  7 swamp dragons
  5 steelbarb worms
  8 lindwurms
  A tengu zombie (Crypt:1)
  4 spriggan simulacra
  25 ironbound convokers
  A golden dragon skeleton (Depths:3)
  14 necromancers
  9 bog bodies
  13 orc knights
  An iron dragon zombie (Depths:1)
  A shadow dragon zombie (Depths:3)
  30 wolf spiders
  A wolf spider (shapeshifter) (Vaults:5)
  10 phantasmal warriors
  16 arcanists
  22 deep elf pyromancers
  An anaconda skeleton (Crypt:3)
  3 will-o-the-wisps
  A wolf spider zombie (Crypt:2)
  60 large abominations
  A jorogumo skeleton (Crypt:1)
  34 ugly things
  25 deep elf zephyrmancers
  A shadow dragon skeleton (Pan)
  2 manticores
  27 moths of wrath
  An iron dragon skeleton (Hell)
  A worldbinder (Swamp:1)
  9 orc sorcerers
  2 toenail golems
  12 cyclopes
  32 elephants
  An alligator skeleton (Hell)
  13 shining eyes
  9 guardian serpents (Desolation)
  Joseph (D:7)
  16 vault sentinels
  A guardian serpent (shapeshifter) (Elf:1)
  4 rust devils
  3 molten gargoyles (Desolation)
  2 centaur zombies
  5 stone giant skeletons
  A black mamba (Lair:5)
  A fire giant skeleton (Depths:1)
  2 titan simulacra
  2 apocalypse crabs (Abyss:3)
  4 eyes of devastation
  2 dire elephant zombies
  5 torpor snails
  47 smoke demons
  5 centaur skeletons
  4 gargoyles (Crypt:3)
  An alligator snapping turtle zombie (Crypt:2)
  8 cane toads
  4 ice statues
  A dire elephant skeleton (Pan)
  40 orange demons
  9 unseen horrors
  A sea snake zombie (Hell)
  28 hellions
  2 minotaur zombies (Crypt:1)
  A storm dragon simulacrum (Coc:1)
  A kobold demonologist (D:10)
  6 efreet (Pan)
  5 komodo dragons
  4 freezing wraiths
  5 rime drakes
  32 yaktaurs
  4 golden dragon simulacra
  2 tengu conjurers
  5 anaconda simulacra
  14 ice devils
  46 guardian mummies
  A bunyip simulacrum (Coc:2)
  34 tormentors
  2 iron giant simulacra
  2 spectral nagas (Tar:4)
  A spectral harpy (Tar:3)
  4 hydra zombies
  3 harpy zombies
  9 red devils
  11 trolls
  4 bloated husks
  22 hellwings
  4 polar bears
  A sea snake skeleton (Hell)
  A shadow dragon simulacrum (Zot:1)
  A troll (shapeshifter) (Elf:1)
  A hornet (shapeshifter) (D:13)
  5 harpy skeletons
  2 silent spectres
  86 saltlings
  30 hornets
  8 glass eyes
  29 tyrant leeches
  31 tarantellas
  9 blink frogs
  2 ettin zombies
  A guardian serpent zombie (Crypt:1)
  2 hydra skeletons
  A blink frog (shapeshifter) (D:13)
  4 iron dragon simulacra
  3 stone giant simulacra
  4 centaur simulacra
  27 jumping spiders
  94 slime creatures
  9 spriggans
  An air elemental (Elf:2)
  24 culicivoras
  50 flying skulls
  6 water elementals
  4 shadows
  A yak (shapeshifter) (Elf:2)
  6 wyverns
  3 ettin skeletons
  2 vampires
  24 ynoxinuls
  8 dire elephant simulacra
  11 wraiths
  49 yaks
  30 ushabtiu
  4 fire elementals
  5 naga simulacra
  3 basilisks
  4 fire bats (Pan)
  12 golden eyes
  5 steam dragons
  25 neqoxecs (Pan)
  19 vampire mosquitoes
  29 chaos spawn (Pan)
  85 redbacks
  A naga zombie (Crypt:1)
  12 harpy simulacra
  15 swamp worms
  12 wargs
  A human zombie (Depths:1)
  2 glowing shapeshifter zombies
  2 acid dragons
  18 water moccasins
  Duvessa (D:6)
  2 moth of wrath simulacra (Zot:1)
  2 hell hounds (D:13)
  8 hydra simulacra
  2 deep troll skeletons
  12 swamp drakes
  36 orc warriors
  An ice beast (D:8)
  A swamp dragon zombie (Tomb:1)
  3 black bears
  A black mamba simulacrum (Hell)
  3 sky beasts
  4 ogres
  7 ettin simulacra
  21 wolves
  3 manticore skeletons
  A phantom (D:6)
  8 centaurs
  Blork the orc (D:5)
  2 kobold brigands (D:9)
  8 bullfrogs
  4 earth elementals
  A two-headed ogre simulacrum (IceCv)
  A gnoll sergeant (D:7)
  A cane toad simulacrum (IceCv)
  A glowing shapeshifter simulacrum (Depths:1)
  3 necrophages
  5 scorpions (Spider:3)
  A water moccasin skeleton (Crypt:2)
  Dowan (D:6)
  A small abomination (Abyss:3)
  An elephant simulacrum (IceCv)
  4 killer bees (D:10)
  A troll skeleton (Crypt:2)
  2 howler monkeys
  4 electric eels
  A yak skeleton (Crypt:2)
  2 jellies
  A wyvern simulacrum (Gauntlet)
  18 orc priests
  2 iguanas
  A hound (D:4)
  5 iron imps (Geh:5)
  A sleepcap (D:6)
  27 orc wizards
  A troll simulacrum (IceCv)
  55 mummies
  15 gnolls
  3 adders
  3 shadow imps
  3 white imps
  2 ufetubi (D:6)
  2 worms (D:2)
  A dart slug (D:5)
  65 orcs
  6 endoplasms
  3 giant cockroaches (D:2)
  A gnoll zombie (Crypt:1)
  7 goblins
  4 hobgoblins
  18 kobolds
  2 quokkas
  5 ball pythons
  2 bats
  2 frilled lizards (D:1)
  5 rats
  2 ball lightnings (Pan)
  5 creeping infernos
  A fire vortex (Pan)
  A lurking horror (Swamp:1)
  2 tentacles (Coc:6)
4388 creatures vanquished.

Vanquished Creatures (collateral kills)
  A royal mummy (Tomb:1)
  2 tainted leviathans
  Grunn (Zot:4)
  An Ice Fiend (Coc:7)
  An Orb Guardian (Zot:5)
  2 acid blobs
  A sphinx (Crypt:3)
  An Executioner (Pan)
  A draconian monk (Zot:2)
  A frost giant (Coc:7)
  A cacodemon (Pan)
  A reaper (Tar:7)
  A formless jellyfish (Slime:2)
  A caustic shrike simulacrum (Coc:4)
  A death knight (Crypt:1)
  2 sixfirhies
  A shadow wraith (Tar:4)
  A kraken simulacrum (Coc:6)
  A shining eye (Slime:2)
  3 large abominations (Pan)
  2 orange demons (Pan)
  3 hellions (Pan)
  An iron giant simulacrum (Coc:6)
  3 slime creatures
  An ushabti (Tomb:2)
  A flying skull (Tomb:1)
  A golden eye (Slime:5)
  A chaos spawn (Pan)
  4 harpy simulacra
  4 mummies
  A ball lightning (Orc:1)
  4 foxfires
51 creatures vanquished.

Vanquished Creatures (others)
  An eldritch tentacle (Pan)
  A smoke demon (Pan)
  A water elemental (Hell)
  A redback (Spider:2)
  A naga simulacrum (Coc:7)
  41 ball lightnings
  A creeping inferno (Hell)
  685 fire vortices
  792 foxfires
  2 starspawn tentacles (Swamp:1)
  13 tentacles (Coc:6)
1539 creatures vanquished.

Grand Total: 5978 creatures vanquished

Notes
Turn   | Place    | Note
-------+----------+-------------------------------------------
     0 | D:1      | RepHenryClay the Deep Elf Fire Elementalist began the quest
                  | for the Orb.
     0 | D:1      | Reached XP level 1. HP: 10/10 MP: 6/6
    36 | D:1      | Reached XP level 2. HP: 8/15 MP: 4/8
   132 | D:1      | Found Cofizeal's Distillery.
   633 | D:1      | Reached XP level 3. HP: 19/19 MP: 7/9
  1091 | D:2      | Found Hussibiv's Distillery.
  1099 | D:2      | Bought a potion of heal wounds for 55 gold pieces
  1099 | D:2      | Bought a potion of curing for 33 gold pieces
  1357 | D:2      | Learned a level 2 spell: Scorch
  2167 | D:3      | Reached XP level 4. HP: 24/24 MP: 7/10
  2924 | D:4      | Found a staircase to the Ecumenical Temple.
  2930 | Temple   | Entered the Ecumenical Temple
  2980 | D:4      | Reached XP level 5. HP: 28/28 MP: 8/11
  3625 | D:4      | Found Afiuk's Weapon Emporium.
  3752 | D:5      | Entered Level 5 of the Dungeon
  3988 | D:5      | Reached skill level 5 in Fire Magic
  4133 | D:5      | Noticed a water moccasin
  4135 | D:5      | Reached skill level 5 in Conjurations
  4135 | D:5      | Reached XP level 6. HP: 32/32 MP: 7/12
  4145 | D:5      | Killed a water moccasin
  4244 | D:5      | Found a shadowy altar of Dithmenos.
  4369 | D:5      | Noticed Blork the orc
  4841 | D:6      | Reached XP level 7. HP: 36/36 MP: 8/14
  4911 | D:6      | Noticed Duvessa
  4911 | D:6      | Noticed Dowan
  4924 | D:6      | Killed Duvessa
  4925 | D:6      | Killed Dowan
  5395 | D:6      | Noticed a steam dragon
  5408 | D:6      | Killed a steam dragon
  5409 | D:6      | Reached skill level 5 in Dodging
  5409 | D:6      | Reached skill level 5 in Stealth
  5409 | D:6      | Reached skill level 5 in Spellcasting
  5409 | D:6      | Reached XP level 8. HP: 30/41 MP: 8/17
  5585 | D:7      | Identified the "Lepu"
  5603 | D:7      | Found Opa Xiacroa's Distillery.
  5606 | D:7      | Bought a potion of haste for 100 gold pieces
  5606 | D:7      | Bought a potion of degeneration for 10 gold pieces
  5851 | D:7      | Noticed Joseph
  5924 | D:6      | Learned a level 4 spell: Flame Wave
  6063 | D:7      | Identified the orb "Jomnueg" {guile, rF+ Dex+2}
  6602 | D:7      | Killed Joseph
  6603 | D:7      | Reached XP level 9. HP: 23/45 MP: 2/18
  6965 | D:8      | Noticed a two-headed ogre
  7246 | D:8      | Killed a two-headed ogre
  7247 | D:8      | Reached skill level 10 in Dodging
  7469 | D:8      | Reached skill level 10 in Conjurations
  7635 | D:8      | Reached XP level 10. HP: 50/50 MP: 12/19
  8040 | D:8      | Found a shimmering altar of Xom.
  8046 | D:8      | Found a shimmering altar of Xom.
  8046 | D:8      | Found a shimmering altar of Xom.
  8048 | D:8      | Found a shimmering altar of Xom.
  8048 | D:8      | Found a shimmering altar of Xom.
  9032 | D:9      | Found an opulent altar of Gozag.
  9089 | D:9      | Found a broken altar of Ashenzari.
  9147 | D:9      | Noticed a deep elf pyromancer
  9157 | D:9      | Killed a deep elf pyromancer
  9646 | D:5      | Killed Blork the orc
  9840 | D:5      | Identified the +0 ring mail of the Beginning {rC- rN++ MP+9
                  | Stlth+}
  9931 | D:10     | Entered Level 10 of the Dungeon
 10241 | D:10     | Noticed a manticore
 10254 | D:10     | Killed a manticore
 10427 | D:10     | Noticed Snorg
 10460 | D:10     | Noticed a two-headed ogre
 10468 | D:10     | Killed a two-headed ogre
 10469 | D:10     | Reached XP level 11. HP: 19/54 MP: 8/24
 10648 | D:10     | Found a stormy altar of Qazlal.
 10652 | D:10     | Found a radiant altar of Vehumet.
 10652 | D:10     | Found a basalt altar of Yredelemnul.
 10663 | D:10     | Became a worshipper of Vehumet
 10683 | D:10     | Noticed a two-headed ogre
 10689 | D:10     | Killed a two-headed ogre
 10703 | D:10     | Found a snail-covered altar of Cheibriados.
 10704 | D:10     | Found a blossoming altar of Fedhas.
 10825 | D:10     | Noticed a two-headed ogre
 10847 | D:10     | Killed a two-headed ogre
 10988 | D:10     | Noticed a catoblepas
 11007 | D:10     | Noticed a death knight
 11009 | D:10     | Noticed a death knight
 11054 | D:10     | Noticed a centaur warrior
 11065 | D:10     | Killed a centaur warrior
 11442 | D:11     | Reached * piety under Vehumet
 11442 | D:11     | Offered knowledge of Sandblast by Vehumet.
 11627 | D:11     | Found a staircase to the Lair.
 11785 | D:11     | Reached skill level 10 in Spellcasting
 12025 | D:11     | Noticed a two-headed ogre
 12047 | D:11     | Killed a two-headed ogre
 12185 | D:11     | Noticed a skeletal warrior
 12224 | Lair:1   | Entered Level 1 of the Lair of Beasts
 12236 | Lair:1   | Reached skill level 15 in Dodging
 12413 | Lair:1   | Reached skill level 1 in Necromancy
 12414 | Lair:1   | Reached skill level 1 in Short Blades
 12604 | Lair:1   | Reached XP level 12. HP: 59/59 MP: 23/28
 13277 | Lair:1   | Learned a level 4 spell: Dispel Undead
 13356 | Lair:2   | Found a staircase to the Swamp.
 13356 | Lair:2   | Noticed an eleionoma
 13753 | Lair:2   | Found a hole to the Spider Nest.
 13833 | Lair:3   | Noticed a death yak
 13833 | Lair:3   | Noticed a death yak
 13833 | Lair:3   | Noticed a death yak
 13833 | Lair:3   | Noticed a death yak
 14063 | Lair:3   | Noticed Nergalle
 14068 | Lair:3   | Reached skill level 5 in Necromancy
 14102 | Lair:3   | Offered knowledge of Shock by Vehumet.
 14103 | Lair:3   | Reached ** piety under Vehumet
 14105 | Lair:3   | Reached skill level 5 in Short Blades
 14735 | Lair:3   | Offered knowledge of Dazzling Flash by Vehumet.
 14878 | Lair:3   | Reached skill level 15 in Conjurations
 14884 | Lair:3   | Reached *** piety under Vehumet
 14901 | Lair:3   | Reached XP level 13. HP: 36/63 MP: 13/29
 15064 | Lair:3   | Learned a level 6 spell: Plasma Beam
 15148 | Lair:4   | Reached skill level 1 in Air Magic
 15270 | Lair:4   | Found a staircase to the Slime Pits.
 15830 | Lair:4   | Offered knowledge of Airstrike by Vehumet.
 15831 | Lair:4   | Reached skill level 5 in Air Magic
 15841 | Lair:3   | Learned a level 4 spell: Airstrike
 16442 | Lair:3   | Killed Nergalle
 17677 | Lair:5   | Entered Level 5 of the Lair of Beasts
 17772 | Lair:5   | Reached **** piety under Vehumet
 17971 | Lair:4   | Offered knowledge of Hailstorm by Vehumet.
 18130 | Lair:5   | Found a frozen archway.
 18139 | IceCv    | Entered an ice cave
 18840 | IceCv    | Reached XP level 14. HP: 68/68 MP: 17/30
 19219 | Lair:5   | Reached ***** piety under Vehumet
 19220 | Lair:5   | Reached skill level 1 in Shields
 19484 | Lair:5   | Offered knowledge of Conjure Ball Lightning by Vehumet.
 19499 | Lair:4   | Learned a level 6 spell: Conjure Ball Lightning
 20101 | Lair:5   | Reached skill level 5 in Shields
 20162 | Lair:5   | Learned a level 3 spell: Mephitic Cloud
 21559 | D:10     | Identified the staff "Savvog" {rElec rF++ Dex-2 Conj}
 21559 | D:10     | Identified the +6 quarterstaff of the Twisting Scorpion
                  | {flame, rElec Str+3}
 21594 | D:10     | Identified the +4 scimitar of Votsudic {chaos, Str+8 Int-3
                  | SInv}
 21874 | D:10     | Reached skill level 10 in Air Magic
 21874 | D:10     | Found a staircase to the Orcish Mines.
 22274 | D:10     | Found a stormy altar of Qazlal.
 22279 | D:10     | Found a radiant altar of Vehumet.
 22279 | D:10     | Found a basalt altar of Yredelemnul.
 22292 | D:10     | Found a blossoming altar of Fedhas.
 22296 | D:10     | Found a snail-covered altar of Cheibriados.
 22778 | D:10     | Killed Snorg
 22837 | D:10     | Found a staircase to the Orcish Mines.
 23073 | D:10     | Found a stormy altar of Qazlal.
 23078 | D:10     | Found a radiant altar of Vehumet.
 23078 | D:10     | Found a basalt altar of Yredelemnul.
 23091 | D:10     | Found a blossoming altar of Fedhas.
 23095 | D:10     | Found a snail-covered altar of Cheibriados.
 23360 | Orc:1    | Entered Level 1 of the Orcish Mines
 23527 | Orc:1    | Found Ranyfes's General Store.
 23531 | Orc:1    | Found Butucatsa's Specific Store.
 23706 | Orc:1    | Learned a level 4 spell: Iskenderun's Mystic Blast
 23767 | Orc:2    | Entered Level 2 of the Orcish Mines
 23885 | Orc:2    | Reached skill level 1 in Translocations
 24013 | Orc:2    | Found a transporter.
 24017 | Orc:2    | Identified the +6 great mace of the Viper {heavy, Str-4
                  | Dex+4 SInv}
 24103 | Orc:2    | Found a transporter.
 24104 | Orc:2    | Noticed freelancePsychic's ghost (journeyman DsWn)
 24323 | Orc:1    | Found Jaj Jyis's Jewellery Shoppe.
 24323 | Orc:1    | Found Veuts's Antique Weapon Boutique.
 24327 | Orc:1    | Reached skill level 10 in Fire Magic
 24647 | Orc:1    | Bought a translucent dagger for 189 gold pieces
 24647 | Orc:1    | Identified the +5 dagger of Exquisite Torment {heavy, rElec
                  | Int+4} (You bought it in a shop on level 1 of the Orcish
                  | Mines)
 24791 | Orc:1    | Offered knowledge of Sticky Flame by Vehumet.
 24832 | Orc:1    | Reached skill level 5 in Translocations
 25125 | Orc:1    | Reached XP level 15. HP: 58/72 MP: 17/33
 25261 | Orc:1    | Bought a +5 ring of evasion for 540 gold pieces
 25420 | Orc:2    | Found a staircase to the Elven Halls.
 26560 | Orc:2    | Found Bokois's Assorted Antiques.
 26579 | Orc:2    | Found Hacamip's General Store.
 26581 | Orc:2    | Found Idofoali's Weapon Boutique.
 26591 | Orc:2    | Bought a potion of curing for 39 gold pieces
 26591 | Orc:2    | Bought a scroll of identify for 26 gold pieces
 26606 | Orc:2    | Found Jeutaiteph's Armour Shoppe.
 26612 | Orc:2    | Identified a scroll of acquirement
 26613 | Orc:2    | Identified the "Pysung" (You acquired it on level 2 of the
                  | Orcish Mines)
 26613 | Orc:2    | Acquired a +1 helmet of intelligence
 26627 | Orc:2    | Upgraded the game from 0.31-a0-978-g1e143483b6 to
                  | 0.31-a0-981-geadf994542
 26824 | D:12     | Noticed Urug
 26825 | D:12     | Killed Urug
 27369 | D:12     | Learned a level 2 spell: Blink
 27971 | D:13     | Found a gate leading to a gauntlet.
 27987 | Gauntlet | Entered a Gauntlet
 27987 | Gauntlet | Found a transporter.
 27987 | Gauntlet | Found a transporter.
 27997 | Gauntlet | Found a transporter.
 28000 | Gauntlet | Found a transporter.
 28008 | Gauntlet | Found a transporter.
 28012 | Gauntlet | Found a transporter.
 28019 | Gauntlet | Found a transporter.
 28037 | Gauntlet | Found a transporter.
 28054 | Gauntlet | Found a transporter.
 28057 | Gauntlet | Found a transporter.
 28070 | Gauntlet | Found a transporter.
 28072 | Gauntlet | Found a transporter.
 28409 | Gauntlet | Identified the ring "Ceum" {Will+ Int+6 Dex+3 Stlth+}
 28464 | Gauntlet | Identified the staff of the Desert {rPois rF+ Str+3 Fire}
 28464 | Gauntlet | Identified the +6 great sword of Honesty {speed, rC+}
 28753 | D:13     | Noticed Nessos
 28760 | D:13     | Killed Nessos
 29062 | D:13     | Found a gate to the Vaults.
 29212 | D:13     | Noticed Azrael
 29286 | D:13     | Killed Azrael
 29826 | D:14     | Reached skill level 15 in Fire Magic
 30683 | D:14     | Found an ornate altar of the Wu Jian Council.
 30892 | D:15     | Entered Level 15 of the Dungeon
 31057 | D:15     | Reached XP level 16. HP: 76/76 MP: 21/34
 31146 | D:15     | Reached skill level 1 in Fighting
 31550 | D:15     | Identified the +2 great mace of Roerer {pain, rF++}
 32066 | D:15     | Found a staircase to the Depths.
 32644 | Spider:1 | Entered Level 1 of the Spider Nest
 32653 | Spider:1 | Offered knowledge of Starburst by Vehumet.
 32669 | Lair:2   | Learned a level 6 spell: Starburst
 33336 | Spider:1 | Identified the +7 battleaxe "Zuym" {heavy, *Corrode rPois
                  | rC+ Int+2}
 33394 | Spider:1 | Found a runed translucent door.
 34256 | Spider:1 | Reached skill level 15 in Spellcasting
 34826 | Orc:1    | Bought a ring of see invisible for 225 gold pieces
 36313 | Spider:3 | Identified the "Ihoynoaf"
 36474 | Spider:3 | Reached ****** piety under Vehumet
 36611 | Spider:3 | Reached XP level 17. HP: 62/88 MP: 38/38
 36613 | Spider:3 | HP: 4/88 [wolf spider simulacrum (11)]
 36703 | Spider:3 | Offered knowledge of Arcjolt by Vehumet.
 37767 | Spider:3 | Reached skill level 1 in Staves
 37767 | Spider:3 | Reached skill level 1 in Evocations
 38154 | Spider:3 | Noticed Nikola
 38158 | Spider:3 | Killed Nikola
 38754 | Spider:4 | Entered Level 4 of the Spider Nest
 39083 | Spider:4 | Offered knowledge of Fireball by Vehumet.
 39169 | Spider:4 | Reached skill level 5 in Evocations
 39287 | Spider:4 | Reached skill level 5 in Staves
 40308 | Spider:4 | Offered knowledge of Spellforged Servitor by Vehumet.
 40994 | Spider:4 | Got a gossamer rune of Zot
 41110 | Swamp:1  | Entered Level 1 of the Swamp
 41115 | Swamp:1  | Reached XP level 18. HP: 94/94 MP: 28/39
 41331 | Swamp:1  | Noticed Ylluogh's ghost (adept GnWn)
 41635 | Swamp:1  | Found a transporter.
 41659 | Swamp:1  | Found a transporter.
 41659 | Swamp:1  | Found a one-way gate to the infinite horrors of the Abyss.
 42334 | Swamp:2  | Learned a level 8 spell: Ignition
 42680 | Swamp:2  | Reached skill level 10 in Staves
 44702 | Swamp:4  | Entered Level 4 of the Swamp
 44979 | Swamp:4  | Offered knowledge of Maxwell's Capacitive Coupling by
                  | Vehumet.
 44991 | Swamp:3  | Learned a level 8 spell: Maxwell's Capacitive Coupling
 45407 | Swamp:4  | Noticed Bai Suzhen
 45413 | Swamp:4  | Killed Bai Suzhen
 46366 | Swamp:4  | Got a decaying rune of Zot
 46652 | Vaults:1 | Entered Level 1 of the Vaults
 46792 | Vaults:1 | Reached XP level 19. HP: 58/98 MP: 25/40
 48820 | Vaults:1 | Offered knowledge of Lehudib's Crystal Spear by Vehumet.
 48820 | Vaults:1 | Offered knowledge of Shatter by Vehumet.
 48820 | Vaults:1 | Offered knowledge of Chain Lightning by Vehumet.
 49257 | Vaults:2 | Found Kikhuem's Armour Shop.
 49873 | Vaults:2 | Noticed Sojobo
 49881 | Vaults:2 | Killed Sojobo
 50093 | Vaults:2 | Bought a +0 pair of gloves of dexterity for 138 gold pieces
 50150 | Vaults:2 | Reached XP level 20. HP: 103/103 MP: 13/41
 50250 | Vaults:2 | Found a transporter.
 50253 | Vaults:2 | Found a radiant altar of Vehumet.
 51564 | Vaults:3 | Reached skill level 15 in Air Magic
 52110 | Vaults:3 | Learned a level 9 spell: Chain Lightning
 52191 | Vaults:3 | Found a staircase to the Crypt.
 52671 | Vaults:3 | Found Kuthaf's Jewellery Shop.
 53307 | Desolati | Identified the "Bang"
 53307 | Desolati | Identified the "Myshry"
 53307 | Desolati | Identified the of Kuhyutz
 53307 | Desolati | Identified the "Poacs"
 53307 | Desolati | Identified the "Qael"
 53307 | Desolati | Identified the "Wiptatos"
 53307 | Desolati | Identified the of Poagheq
 53431 | Vaults:4 | Found a crumbling gateway.
 53552 | Desolati | Entered the Desolation of Salt
 53818 | Desolati | Reached XP level 21. HP: 108/108 MP: 35/43
 54089 | Desolati | Identified the ring of Dagucue {rC+ rN+}
 54099 | Desolati | Identified the +7 morningstar of Leohufon {venom, rC-
                  | Str+6}
 54103 | Desolati | Identified the staff of Context {rPois Will+ SInv Poison}
 54110 | Desolati | Identified the +1 lajatang of Focus {heavy, Dex+3}
 54418 | Desolati | Identified the ring "Uskinoa" {Str+3 Dex+3 Slay+4}
 54425 | Desolati | Identified the +10 plate armour of the King of the Hill
                  | {rElec Str+3 Dex-5}
 54669 | Desolati | Identified the ring "Eqiag" {rElec EV+5 Str+3 Dex+7}
 56593 | Vaults:5 | Identified the of Ybyh
 56593 | Vaults:5 | Identified the "Aqelecu"
 56593 | Vaults:5 | Identified the "Feef"
 56593 | Crypt:3  | Identified the "Natoak"
 56593 | Crypt:3  | Identified the "Ekhialeoc"
 56593 | Depths:2 | Identified the "Taoko"
 56593 | Elf:1    | Identified the "Kosuloon"
 56593 | Elf:1    | Entered Level 1 of the Elven Halls
 57377 | Elf:1    | Found a shimmering blue altar of Sif Muna.
 58110 | Elf:2    | Found a portal to a secret trove of treasure.
 58343 | Elf:2    | You paid a toll of 18 potions of curing to enter a treasure
                  | trove
 58344 | Trove    | Entered a treasure trove
 58351 | Trove    | Identified the +0 lajatang "Fumu" {heavy, rElec rC+ rCorr}
 58355 | Trove    | Identified the amulet of Jieryho {Acrobat rPois Int+3}
 58360 | Trove    | Identified the +0 pair of boots "Abil" {rF+ Regen+}
 58364 | Trove    | Identified the ring of Kotzeocs {rPois rF- MP+9 Str+4
                  | Dex-5}
 58569 | Elf:2    | Found a huge runed translucent gate.
 58569 | Elf:2    | Found a huge runed translucent gate.
 58569 | Elf:2    | Found a huge runed translucent gate.
 58569 | Elf:2    | Found a huge runed translucent gate.
 58570 | Elf:2    | Found a huge runed translucent gate.
 59924 | Elf:3    | Identified the of Qaontami
 59924 | Elf:3    | Entered Level 3 of the Elven Halls
 60379 | Elf:3    | Noticed Louise
 60384 | Elf:3    | Killed Louise
 60639 | Elf:3    | Identified the +1 broad axe of Due Proportion {drain, rPois
                  | Will+ Int+5 Dex-2}
 60642 | Elf:3    | Reached XP level 22. HP: 112/112 MP: 44/44
 60840 | Elf:3    | HP: 2/105 [+4 scimitar of draining (22)]
 61278 | Elf:3    | Identified the +3 leather armour of the Seven of Pentacles
                  | {-Cast Dex+7}
 61327 | Elf:3    | Identified the talisman of death of Caustic Freedom {rCorr
                  | Stlth+}
 61705 | Depths:1 | Entered Level 1 of the Depths
 61711 | Depths:1 | Noticed Norris
 61852 | D:15     | Killed Norris
 62233 | Depths:1 | Identified the +0 ring mail "Liaczud" {Fly rN+}
 62530 | Depths:1 | Found a basalt altar of Yredelemnul.
 63027 | Depths:1 | Found a gateway to Hell.
 63883 | Depths:2 | Found a one-way gateway to a ziggurat.
 64057 | Depths:2 | Noticed a golden dragon
 64064 | Depths:2 | Killed a golden dragon
 64066 | Depths:2 | Identified the +8 trident of Beogh, Slashing {heavy, rC++}
 64530 | Depths:2 | Found a one-way gate leading to the halls of Pandemonium.
 64762 | Depths:3 | Found a radiant altar of Vehumet.
 65137 | Depths:3 | Found Exkaz's Firing Range.
 65673 | Depths:3 | Noticed a golden dragon
 65678 | Depths:3 | Noticed a golden dragon
 65684 | Depths:2 | Reached XP level 23. HP: 107/116 MP: 7/45
 65861 | Depths:4 | Entered Level 4 of the Depths
 65987 | Depths:4 | Noticed a juggernaut
 66664 | Depths:4 | Noticed a juggernaut
 66670 | Depths:4 | Killed a juggernaut
 66872 | Depths:4 | Killed a juggernaut
 67001 | Depths:4 | Found a gate to the Realm of Zot.
 67711 | Vaults:5 | Entered Level 5 of the Vaults
 67711 | Vaults:5 | Noticed an ancient lich
 67715 | Vaults:5 | Noticed an ancient lich
 67718 | Vaults:5 | Killed an ancient lich
 67719 | Vaults:5 | Killed an ancient lich
 67842 | Vaults:5 | Noticed a dread lich
 67850 | Vaults:5 | Killed a dread lich
 68009 | Vaults:5 | Reached XP level 24. HP: 93/121 MP: 4/45
 68250 | Vaults:5 | Noticed a dread lich
 68367 | Vaults:5 | Killed a dread lich
 68788 | Vaults:5 | Identified the ring "Uschal" {Will+ Int-5 Dex+4}
 68980 | Vaults:5 | Identified the +4 hand axe of Dung {protect, Fly rC- Dex+9}
 69684 | Vaults:5 | Got a silver rune of Zot
 69996 | Vaults:5 | Identified the +1 rapier of Crystal {heavy, Drain Will+
                  | rCorr}
 70085 | Vaults:5 | Identified the +1 dagger of Excruciating Pain {freeze,
                  | rPois Int+2}
 70174 | Vaults:5 | Identified the ring of Vuezosi {Fire rPois}
 70401 | Vaults:5 | Identified the +0 chain mail of the Blessed Realm {rC-
                  | Str+5}
 70978 | Zot:1    | Entered Level 1 of the Realm of Zot
 71756 | Zot:1    | Noticed an orb of fire
 71763 | Zot:1    | Killed an orb of fire
 72094 | Zot:1    | Identified the ring "Xeka" {Ice *Slow +Blink Will++ rCorr}
 72094 | Zot:1    | Noticed Josephina
 72095 | Zot:1    | Killed Josephina
 73028 | Zot:1    | Learned a level 9 spell: Fire Storm
 74943 | Zot:3    | Reached XP level 25. HP: 126/126 MP: 41/45
 75439 | Zot:3    | Found a large runed translucent door.
 75439 | Zot:3    | Found a large runed translucent door.
 75444 | Zot:3    | Noticed Qaniympis's ghost (veteran DgEE)
 76536 | Zot:4    | Noticed an orb of fire
 76679 | Zot:4    | Gained mutation: Armour fits poorly on your strangely
                  | shaped body. [an orb of fire]
 76687 | Zot:4    | Gained mutation: You occasionally lose the ability to drink
                  | potions when taking damage. [an orb of fire]
 76691 | Zot:4    | Killed an orb of fire
 76971 | Zot:4    | Noticed Grunn
 76974 | Zot:4    | Killed Grunn
 77578 | Zot:4    | Noticed a shard shrike
 77591 | Zot:4    | Killed a shard shrike
 78245 | Zot:4    | Lost mutation: You occasionally lose the ability to drink
                  | potions when taking damage. [potion of mutation]
 78245 | Zot:4    | Lost mutation: Armour fits poorly on your strangely shaped
                  | body. [potion of mutation]
 78245 | Zot:4    | Gained mutation: You are somewhat resistant to further
                  | mutation. [potion of mutation]
 79300 | Slime:1  | Entered Level 1 of the Pits of Slime
 80394 | Slime:3  | Noticed Dissolution
 80396 | Slime:3  | Killed Dissolution
 80397 | Slime:3  | Reached skill level 27 in Conjurations
 81151 | Slime:4  | Reached XP level 26. HP: 131/131 MP: 36/45
 81685 | Slime:5  | Entered Level 5 of the Pits of Slime
 82025 | Slime:5  | Found the ring of the Hare {EV+10}
 82025 | Slime:5  | Found the +10 dark maul {heavy}
 82348 | Slime:5  | Reached skill level 27 in Dodging
 82439 | Slime:5  | Found a viscous altar of Jiyva.
 82530 | Slime:5  | Noticed the Royal Jelly
 82534 | Slime:5  | Killed the Royal Jelly
 82535 | Slime:5  | Reached skill level 5 in Fighting
 82737 | Slime:5  | Identified the ring of Gutza {rPois Will+}
 82832 | Slime:5  | Identified the +7 plate armour "Itzoutupt" {rF+ MP+9 Int+3}
 82838 | Slime:5  | Got a slimy rune of Zot
 82868 | Slime:5  | Identified the +7 great sword "Ucipihar" {protect, *Corrode
                  | rN+ MP+9 Str+5}
 83218 | Slime:5  | Learned a level 2 spell: Sublimation of Blood
 83558 | Crypt:1  | Entered Level 1 of the Crypt
 84012 | Crypt:1  | Found an ancient bone altar of Kikubaaqudgha.
 84743 | Crypt:1  | Identified the ring of Igiekheg {rElec rF+ Int-4 Dex+6}
 84749 | Crypt:1  | Reached skill level 10 in Necromancy
 84785 | Crypt:1  | Found a basalt altar of Yredelemnul.
 85937 | Crypt:3  | Entered Level 3 of the Crypt
 86005 | Crypt:3  | Noticed Margery
 86008 | Crypt:3  | Killed Margery
 86907 | Crypt:3  | Reached skill level 10 in Fighting
 87225 | Crypt:3  | Noticed a dread lich
 87230 | Crypt:3  | Killed a dread lich
 87385 | Crypt:3  | Identified the +1 helmet "Fedacoipp" {rPois Regen+ rCorr
                  | Int-4}
 87537 | Crypt:3  | Noticed an ancient lich
 87539 | Crypt:3  | Killed an ancient lich
 87540 | Crypt:3  | Found an ancient bone altar of Kikubaaqudgha.
 87561 | Crypt:3  | Identified the +0 ring mail of the Cockroach {rPois}
 87564 | Crypt:3  | Identified the +11 rapier of Defenestration {flame, Fragile
                  | rPois Will++ Dex+3}
 87922 | Crypt:3  | Found a staircase to the Tomb.
 87949 | Crypt:3  | Identified the +0 robe "Udic" {rElec rPois Slay+2}
 88047 | Crypt:3  | Identified the +5 scimitar of Ignis's Inspiration {drain,
                  | rN+ Stlth+}
 88500 | Swamp:1  | Reached XP level 27. HP: 138/152 MP: 38/45
 88504 | Swamp:1  | Killed Ylluogh's ghost
 88740 | Orc:2    | Killed freelancePsychic's ghost
 89089 | Vaults:2 | Found a transporter.
 89682 | Zot:3    | Killed Qaniympis's ghost
 89988 | Depths:3 | Voluntarily entered the Abyss.
 90034 | Abyss:1  | Found a corrupted altar of Lugonu.
 90057 | Abyss:2  | Found a corrupted altar of Lugonu.
 90211 | Abyss:3  | Found a shimmering altar of Xom.
 90220 | Abyss:3  | Got an abyssal rune of Zot
 90316 | Abyss:3  | Noticed a dread lich
 90322 | Abyss:3  | Killed a dread lich
 90325 | Depths:3 | Escaped the Abyss
 90396 | Tomb:3   | Identified the "Zearr"
 90396 | Tar:7    | Identified the of Wetraes
 90396 | Dis:7    | Identified the of Cips
 90396 | Dis:7    | Identified the "Giesh"
 90396 | Dis:7    | Identified the "Beifaox"
 90396 | Dis:7    | Identified the of Nukob
 90396 | Dis:7    | Identified the "Uwev"
 90396 | Dis:7    | Identified the of Xiti
 90396 | Dis:7    | Identified the "Gylon"
 90396 | Pan      | Entered Pandemonium
 90413 | Pan      | Identified the +5 flail of the Invisible Souls {drain,
                  | rPois Will++ Str-2 Dex+2}
 90498 | Pan      | Reached skill level 10 in Evocations
 90571 | Pan      | Noticed Huroitut the pandemonium lord
 90577 | Pan      | Killed Huroitut the pandemonium lord
 90748 | Pan      | Entered the realm of Cerebov.
 90748 | Pan      | Found the +6 sword of Cerebov {flame}
 90748 | Pan      | Noticed Cerebov
 91296 | Pan      | Identified the +6 battleaxe "Umyajieb" {speed, Fly Str+3}
 91612 | Pan      | Killed Cerebov
 91649 | Pan      | Got a fiery rune of Zot
 91673 | Pan      | Identified the +9 great sword "Killer Klown's Doom" {speed,
                  | Dex+8}
 91698 | Pan      | Identified the ring of Noon {rPois rF+++ rCorr Dex+6
                  | Slay-6}
 91722 | Pan      | Identified the +2 ring mail "Jiavvan" {rElec rPois}
 91732 | Pan      | Identified the ring "Ilatz" {rN+ Str+3 SInv}
 91933 | Pan      | Learned a level 6 spell: Bombard
 91948 | Pan      | Identified the maw talisman of a Million Artisans {rElec
                  | rF- rC+ Str+3}
 92042 | Pan      | Reached skill level 1 in Earth Magic
 92270 | Pan      | Gained mutation: You are agile. (Dex +4, Str/Int -1) [a
                  | neqoxec]
 92596 | Pan      | Reached skill level 5 in Earth Magic
 93222 | Pan      | Noticed Ricitef the pandemonium lord
 93224 | Pan      | Killed Ricitef the pandemonium lord
 94344 | Pan      | Reached skill level 10 in Earth Magic
 94682 | Pan      | Got a demonic rune of Zot
 94770 | Pan      | Noticed Rooruonn the pandemonium lord
 94770 | Pan      | Found a huge runed translucent gate.
 94770 | Pan      | Found a huge runed translucent gate.
 94770 | Pan      | Found a huge runed translucent gate.
 94770 | Pan      | Found a huge runed translucent gate.
 94770 | Pan      | Found a huge runed translucent gate.
 94770 | Pan      | Found a huge runed translucent gate.
 94770 | Pan      | Found a huge runed translucent gate.
 94770 | Pan      | Found a huge runed translucent gate.
 94770 | Pan      | Found a huge runed translucent gate.
 94770 | Pan      | Found a huge runed translucent gate.
 94770 | Pan      | Found a huge runed translucent gate.
 94770 | Pan      | Found a huge runed translucent gate.
 94770 | Pan      | Found a huge runed translucent gate.
 94770 | Pan      | Found a huge runed translucent gate.
 94770 | Pan      | Found a huge runed translucent gate.
 94770 | Pan      | Found a huge runed translucent gate.
 94770 | Pan      | Found a huge runed translucent gate.
 94773 | Pan      | Killed Rooruonn the pandemonium lord
 94818 | Pan      | Identified the "Huekh"
 94877 | Pan      | Entered the realm of Gloorx Vloq.
 96218 | Pan      | Noticed Gloorx Vloq
 96226 | Pan      | Killed Gloorx Vloq
 96656 | Pan      | Got a dark rune of Zot
 96666 | Pan      | Identified the dragon-blood talisman "Diucry" {*Corrode
                  | Int+3 Slay+3}
 96906 | Pan      | Noticed Etet the pandemonium lord
 96910 | Pan      | Killed Etet the pandemonium lord
 97210 | Pan      | Identified the "Otoymyen"
 97578 | Pan      | Upgraded the game from 0.31-a0-981-geadf994542 to
                  | 0.31-a0-983-g7b6862f502
 97614 | Pan      | Found a white marble altar of Elyvilon.
 97730 | Pan      | Identified the +6 tower shield "Noen" {-Cast rElec rCorr}
 97734 | Pan      | Upgraded the game from 0.31-a0-983-g7b6862f502 to
                  | 0.31-a0-986-g5e6e4ef867
 97768 | Pan      | Entered the realm of Lom Lobon.
 98057 | Pan      | Identified the +5 quarterstaff of Freehold {freeze, rElec
                  | rN+ Str-5 Int+2}
 99086 | Pan      | Noticed Lom Lobon
 99098 | Pan      | Killed Lom Lobon
 99206 | Pan      | Got a magical rune of Zot
 99347 | Pan      | Identified the "Nainih"
 99608 | Pan      | Reached skill level 15 in Earth Magic
 99682 | Pan      | Noticed Qiqual the pandemonium lord
 99689 | Pan      | Killed Qiqual the pandemonium lord
100083 | Pan      | Found an exit through the horrors of the Abyss.
100189 | Pan      | Entered the realm of Mnoleg.
100193 | Pan      | Reached skill level 10 in Stealth
100414 | Pan      | Found an exit through the horrors of the Abyss.
101592 | Pan      | Identified the +3 hand axe of Heqihocw {drain, rPois rC+
                  | Str+2}
101817 | Pan      | Noticed Mnoleg
101979 | Pan      | Killed Mnoleg
102244 | Pan      | Got a glowing rune of Zot
102586 | Pan      | Learned a level 9 spell: Death's Door
102694 | Pan      | Took an exit into the Abyss.
102694 | Abyss:3  | Escaped into the Abyss
102700 | Depths:2 | Escaped the Abyss
102757 | Hell     | Entered the Vestibule of Hell
102757 | Hell     | Noticed Geryon
102761 | Hell     | Killed Geryon
102914 | Hell     | Reached skill level 10 in Translocations
103005 | Hell     | Reached skill level 15 in Necromancy
103196 | Hell     | Found a gateway to the Iron City of Dis.
103229 | Hell     | Found a gateway to the freezing wastes of Cocytus.
103300 | Hell     | Found a gateway to the decaying netherworld of Tartarus.
103336 | Hell     | Found a gateway to the ashen valley of Gehenna.
103413 | Dis:1    | Entered Level 1 of the Iron City of Dis
103427 | Dis:1    | You fall into a shaft and drop 1 floor!
105268 | Dis:7    | Entered Level 7 of the Iron City of Dis
105427 | Dis:7    | Identified the +1 cloak "Zecuhi" {Harm rPois Str+3}
107050 | Dis:7    | Learned a level 7 spell: Orb of Destruction
108036 | Dis:7    | Noticed a juggernaut
108042 | Dis:7    | Killed a juggernaut
108080 | Dis:7    | Noticed a juggernaut
108085 | Dis:7    | Killed a juggernaut
108512 | Dis:7    | Identified the +0 halberd "Xiuhajyj" {protect, Contam rPois
                  | Dex+5 Stlth+}
108515 | Dis:7    | Identified the +8 dagger of the Poles {spect, *Corrode MP+9
                  | Int+8}
109549 | Dis:7    | Noticed a juggernaut
109554 | Dis:7    | Killed a juggernaut
110427 | Dis:7    | Found the orb of Dispater {+Damnation *Corrode AC+5}
110448 | Dis:7    | Noticed Dispater
110450 | Dis:7    | Got an iron rune of Zot
110583 | Geh:1    | Entered Level 1 of Gehenna
112729 | Geh:5    | Found a burning altar of Makhleb.
113160 | Geh:6    | Reached skill level 27 in Necromancy
113619 | Geh:7    | Entered Level 7 of Gehenna
114027 | Geh:7    | Noticed the Serpent of Hell
114031 | Geh:7    | Killed the Serpent of Hell
115133 | Geh:7    | Found the +13 sceptre of Asmodeus
115133 | Geh:7    | Noticed Asmodeus
115834 | Geh:7    | Identified the ring of the Endless Expanse {rC++ Will+
                  | Int+6 SInv Stlth-}
115837 | Geh:7    | Identified the ring "Woshral" {rPois Str-3 Dex+2 SInv}
115842 | Geh:7    | Identified the +1 robe of the Wilderness {*Corrode Dex+4}
116018 | Geh:7    | Killed Asmodeus
116114 | Geh:7    | Got an obsidian rune of Zot
116519 | Hell     | Learned a level 9 spell: Shatter
116567 | Coc:1    | Entered Level 1 of Cocytus
118749 | Coc:7    | Entered Level 7 of Cocytus
120941 | Coc:7    | Paralysed by a wendigo for 1 turns
121188 | Coc:7    | Identified the ring of Voisar {rCorr Stlth+}
121188 | Coc:7    | Noticed Antaeus
121322 | Coc:7    | Killed Antaeus
121375 | Coc:7    | Got an icy rune of Zot
121403 | Coc:7    | Identified the ring of Dishonour {Drain rElec rC+ Will+}
121472 | Coc:7    | Identified the staff of Grandeur {Fragile rElec rN+ Int+3
                  | Dex+3 Air}
121503 | Coc:7    | Identified the ring of Vanity {rPois EV+5}
121704 | Tar:1    | Entered Level 1 of Tartarus
122896 | Tar:4    | Reached skill level 27 in Earth Magic
124570 | Tar:7    | Entered Level 7 of Tartarus
125465 | Tar:7    | Identified the staff of Keiho {rElec rPois Will+ Int+3 Air}
125511 | Tar:7    | Reached skill level 15 in Fighting
125522 | Tar:7    | Found the +8 demon trident "Rift" {distort, reach+}
125527 | Tar:7    | Identified the +0 scale mail of Indecent Exposure {Int+8
                  | Dex-4}
125533 | Tar:7    | Identified the amulet of Ethefu Jias {Spirit Harm rN++
                  | Str-2}
125546 | Tar:7    | Identified the amulet "Festehull" {Reflect Int-2 Dex+4
                  | SH+5}
125547 | Tar:7    | Identified the +2 hand axe of the Sea {spect, Fly rElec
                  | Dex+5}
125555 | Tar:7    | Identified the +3 robe of the Sun {Regen+}
125558 | Tar:7    | Identified the amulet "Hoppec" {Reflect Will+ SH+5}
125577 | Tar:7    | Identified the +6 war axe "Hexeajam" {heavy, +Blink rPois
                  | Int-2 Dex+4}
125586 | Tar:7    | Identified the amulet "Muppaoci" {Acrobat rCorr}
125621 | Tar:7    | Identified the ring of Katuixuv {Wiz Stlth+}
125916 | Tar:7    | Noticed Ereshkigal
126318 | Tar:7    | Paralysed by Ereshkigal for 5 turns
126642 | Tar:7    | Killed Ereshkigal
126884 | Tar:7    | Got a bone rune of Zot
127914 | Tar:7    | Identified the ring of Melee {*Slow Str+6 Dex+5}
128820 | Tar:7    | Found the +8 lance "Wyrmbane" {slay drac, rPois rF+ rC+
                  | AC+3}
128825 | Tar:7    | Identified the +10 crystal plate armour of Activism {+Blink
                  | rElec rPois rF-}
128830 | Tar:7    | Identified the +1 dire flail of Resumed Hostilities {holy,
                  | *Noise rPois rCorr SInv}
128871 | Tar:7    | Reached skill level 27 in Spellcasting
129359 | Tomb:1   | Entered Level 1 of the Tomb of the Ancients
130508 | Orc:2    | Bought a potion of haste for 130 gold pieces
130659 | D:7      | Bought 2 potions of haste for 200 gold pieces
130659 | D:7      | Bought 2 potions of cancellation for 160 gold pieces
130659 | D:7      | Bought a potion of cancellation for 80 gold pieces
130659 | D:7      | Bought a potion of brilliance for 40 gold pieces
130659 | D:7      | Bought a potion of enlightenment for 50 gold pieces
130764 | D:2      | Bought a potion of haste for 110 gold pieces
130764 | D:2      | Bought a potion of cancellation for 88 gold pieces
130764 | D:2      | Bought a potion of cancellation for 88 gold pieces
130764 | D:2      | Bought a potion of might for 44 gold pieces
130764 | D:2      | Bought a potion of lignification for 33 gold pieces
130809 | D:1      | Bought a potion of cancellation for 112 gold pieces
130809 | D:1      | Bought a potion of curing for 42 gold pieces
130809 | D:1      | Bought a potion of enlightenment for 70 gold pieces
130809 | D:1      | Bought a potion of haste for 140 gold pieces
130809 | D:1      | Bought a potion of haste for 140 gold pieces
130809 | D:1      | Bought 2 potions of haste for 280 gold pieces
130809 | D:1      | Bought a potion of brilliance for 56 gold pieces
130809 | D:1      | Bought a potion of brilliance for 56 gold pieces
131057 | Orc:2    | Bought a potion of brilliance for 52 gold pieces
131618 | Tomb:1   | Noticed a royal mummy
131621 | Tomb:1   | Killed a royal mummy
131857 | Tomb:1   | Identified the +0 chain mail of the Mashing Gods {rC+
                  | Dex+3}
132157 | Tomb:1   | Identified the +9 shortbow "Yclizyob" {drain, rPois Str+2}
132590 | Tomb:1   | Noticed a royal mummy
132591 | Tomb:1   | Noticed a royal mummy
132593 | Tomb:1   | Killed a royal mummy
132594 | Tomb:1   | Killed a royal mummy
132595 | Tomb:1   | Noticed a royal mummy
132602 | Tomb:1   | Killed a royal mummy
132602 | Tomb:1   | Noticed a royal mummy
132762 | Tomb:1   | Killed a royal mummy
132803 | Tomb:1   | Noticed a royal mummy
132806 | Tomb:1   | Killed a royal mummy
132889 | Tomb:1   | Noticed a royal mummy
132891 | Tomb:1   | Killed a royal mummy
133133 | Tomb:1   | Noticed a royal mummy
133136 | Tomb:1   | Killed a royal mummy
133274 | Tomb:1   | Noticed a royal mummy
133277 | Tomb:1   | Killed a royal mummy
133435 | Tomb:1   | Noticed a royal mummy
133440 | Tomb:1   | Killed a royal mummy
133445 | Tomb:1   | Noticed a royal mummy
133448 | Tomb:1   | Killed a royal mummy
133692 | Tomb:1   | Noticed a royal mummy
133698 | Tomb:1   | Killed a royal mummy
133805 | Tomb:1   | Noticed a royal mummy
133807 | Tomb:1   | Killed a royal mummy
133887 | Tomb:1   | Noticed a royal mummy
133890 | Tomb:1   | Killed a royal mummy
134070 | Tomb:1   | Noticed a royal mummy
134073 | Tomb:1   | Killed a royal mummy
134074 | Tomb:1   | Noticed a royal mummy
134077 | Tomb:1   | Killed a royal mummy
134078 | Tomb:1   | Reached skill level 10 in Shields
134974 | Tomb:2   | Noticed a royal mummy
134976 | Tomb:2   | Killed a royal mummy
134976 | Tomb:2   | Noticed a royal mummy
134979 | Tomb:2   | Killed a royal mummy
134989 | Tomb:2   | Noticed a royal mummy
134989 | Tomb:2   | Noticed a royal mummy
134992 | Tomb:2   | Killed a royal mummy
134993 | Tomb:2   | Killed a royal mummy
135693 | Tomb:3   | Entered Level 3 of the Tomb of the Ancients
135707 | Tomb:3   | Noticed a royal mummy
135715 | Tomb:3   | Killed a royal mummy
135715 | Tomb:3   | Noticed a royal mummy
135720 | Tomb:3   | Noticed a royal mummy
135870 | Tomb:3   | Noticed a royal mummy
135879 | Tomb:3   | Reached skill level 15 in Evocations
135879 | Tomb:3   | Killed a royal mummy
135879 | Tomb:3   | Killed a royal mummy
135880 | Tomb:3   | Killed a royal mummy
136237 | Tomb:3   | Found the +8 pair of quick blades "Gyre" and "Gimble"
                  | {protect}
136274 | Tomb:3   | Identified the +10 shortbow of Ypnic {drain, rN+ rCorr
                  | Stlth+}
136298 | Tomb:3   | Identified the +3 battleaxe "Beetlebane" {freeze, Fly
                  | Int+3}
136300 | Tomb:3   | Identified the +2 falchion of the Insatiable Suns {pain,
                  | rC+ Will+}
136325 | Tomb:3   | Identified the staff "Plog" {Drain rC+ Int+7 Stlth- Conj
                  | Ice}
136377 | Tomb:3   | Identified the +1 robe of Suovvyz {Str+3 Dex-5 Archmagi}
136395 | Tomb:3   | Noticed a royal mummy
136398 | Tomb:3   | Killed a royal mummy
136403 | Tomb:3   | Noticed a royal mummy
136406 | Tomb:3   | Killed a royal mummy
136538 | Tomb:3   | Noticed a royal mummy
136541 | Tomb:3   | Killed a royal mummy
136553 | Tomb:3   | Noticed a royal mummy
136556 | Tomb:3   | Killed a royal mummy
136699 | Tomb:3   | Identified the +0 plate armour of Jessyol {Regen+ Str+7
                  | Dex+4}
136912 | Tomb:3   | Got a golden rune of Zot
137607 | Zot:5    | Entered Level 5 of the Realm of Zot
138213 | Zot:5    | Noticed an orb of fire
138216 | Zot:5    | Killed an orb of fire
138225 | Zot:5    | Noticed an ancient lich
138227 | Zot:5    | Killed an ancient lich
138340 | Zot:5    | Noticed an orb of fire
138346 | Zot:5    | Killed an orb of fire
138788 | Zot:5    | Noticed an ancient lich
138791 | Zot:5    | Killed an ancient lich
139027 | Zot:5    | Noticed an orb of fire
139030 | Zot:5    | Gained mutation: Armour fits poorly on your strangely
                  | shaped body. [an orb of fire]
139031 | Zot:5    | Killed an orb of fire
139169 | Zot:5    | Noticed an orb of fire
139173 | Zot:5    | Killed an orb of fire
139179 | Zot:5    | Noticed an orb of fire
139184 | Zot:5    | Killed an orb of fire
139240 | Zot:5    | Noticed an orb of fire
139244 | Zot:5    | Gained mutation: You are dopey. (Int -2) [an orb of fire]
139244 | Zot:5    | Noticed an ancient lich
139245 | Zot:5    | Noticed an orb of fire
139247 | Zot:5    | Killed an orb of fire
139255 | Zot:5    | Killed an ancient lich
139256 | Zot:5    | Killed an orb of fire
140007 | Zot:5    | Noticed an orb of fire
140013 | Zot:5    | Killed an orb of fire
140677 | Zot:5    | Noticed an ancient lich
140681 | Zot:5    | Killed an ancient lich
140919 | Zot:5    | Got the Orb of Zot
140977 | Zot:3    | Noticed Eces the pandemonium lord
140980 | Zot:3    | Killed Eces the pandemonium lord
141012 | Zot:3    | Noticed Riobb the pandemonium lord
141063 | Zot:2    | Noticed a seraph
141515 | D:$      | Escaped with the Orb!

Illustrated notes

Levels and vault maps discovered:
D:1:      scummos_arrival_gate, layout_basic, serial_shops,
          nicolae_shop_tiny_real_fake_doors, minmay_tetromino_l2
D:2:      layout_loops_cross, serial_shops,
          nicolae_shop_temple_entry_statues_fountains
D:3:      layout_loops_ring
D:4:      layout_loops_ring, minmay_temple_entry_hall, serial_shops,
          nicolae_diamond_shop, chequers_serial_rivers_large_b
D:5:      layout_loops_ring, nicolae_dithmenos_the_darkroom, uniq_blork_the_orc
D:6:      layout_gridville, minmay_misc_feat_pillars, uniq_duvessa
D:7:      layout_basic, serial_shops, shop, uniq_joseph
D:8:      layout_rooms, xom_redecorated, hangedman_misty_isle
D:9:      layout_loops_ring, grunt_gozag_breadcrumbs,
          cheibrodos_ashenzari_chains, guppyfry_early_elven_hall
D:10:     layout_loops_ring, minmay_overflow_temple_star_hex, erik_orc_2,
          minmay_the_grid_2x2 [minmay_the_grid_minigrid_medium,
          minmay_the_grid_aliased_spiral, minmay_the_grid_embedded,
          minmay_the_grid_prize_shrinking_boxes], uniq_snorg
D:11:     layout_loops_corners, erik_lair_orcish_takeover
D:12:     layout_gridville, uniq_urug
D:13:     layout_roguey, david_vaults_1, gauntlet_entry_generic, uniq_azrael,
          uniq_nessos
D:14:     layout_basic, pdpol_wu_jian_five_deadly_venoms
D:15:     grunt_enter_depths_snipers, layout_irregular_city, minivault_26,
          fountainhead
Temple:   nicolae_temple_figure_eight
Lair:1:   layout_long_grid, serial_bayou_pond_b, minivault_23,
          serial_bayou_shore_b, lemuel_fruit_tree, serial_bayou_shore_b
Lair:2:   layout_big_grid, alex1729_swamp_entry_worm_eleionoma,
          dummy_spider_entry
Lair:3:   layout_cave_pods, st_stairs_5, serial_bayou_shore_b,
          grunt_megastairs_3, serial_bayou_shore_a, uniq_nergalle
Lair:4:   layout_hall_layers, slime_entry_1, serial_bayou, serial_bayou_pond_b,
          serial_bayou_pond_b, serial_bayou_crossing, serial_bayou_ford_a
Lair:5:   grunt_lair_end_beastmaster, layout_cave_shapes,
          portal_ice_cave_entry_pillars_1
Swamp:1:  layout_basic_swamp, gammafunk_ghost_abyssal_escape,
          hangedman_swamp_diagram
Swamp:2:  layout_basic_swamp, nicolae_swamp_little_tower, swamp_pool_3
Swamp:3:  layout_basic_swamp, evilmike_swamp_ruin_house_6,
          cheibrodos_swamp_pet_leeches, infiniplex_staircase_pool
Swamp:4:  swamp_basic_johnstein, layout_basic_swamp, uniq_bai_suzhen
Spider:1: cheibrodos_spider_deadly_dance, nicolae_spider_swamp_cousins
Spider:2: layout_chambers, nicolae_spider_orb_run
Spider:3: spiders_nest_scorpion_pit, drop_trap, uniq_nikola
Spider:4: grunt_spider_rune_circles, drop_trap
Slime:1:  layout_caves
Slime:2:  nicolae_slime_infinislime, layout_caves, nicolae_slime_phagocytosis
Slime:3:  layout_caves, dissolution_awaits
Slime:4:  cheibrodos_slime_lost_civilization_9, layout_caves
Slime:5:  slime_pit_nicolae_jellycorners
Orc:1:    hellmonk_paralyzer, layout_diamond_mine, library_closet,
          nicolae_specific_store, guppyfry_orc_lava_fort
Orc:2:    hellmonk_orc_salted, layout_diamond_mine, gammafunk_ghost_smash,
          nicolae_orc_crystal_geode
Elf:1:    layout_geoelf_octagon, basic_altar, minmay_elf_sorcery,
          nicolae_letterblocks [nicolae_letter_subblock,
          nicolae_letter_subblock, nicolae_letter_subblock,
          nicolae_letter_subblock, nicolae_letter_subblock,
          nicolae_letter_subblock, nicolae_letter_subblock,
          nicolae_letter_subblock, nicolae_letter_subblock,
          nicolae_letter_subblock, nicolae_letter_subblock,
          nicolae_letter_subblock, nicolae_letter_subblock,
          nicolae_letter_subblock, nicolae_letter_subblock,
          nicolae_letter_subblock, nicolae_letter_subblock,
          nicolae_letter_subblock, nicolae_letter_subblock,
          nicolae_letter_subblock, nicolae_letter_subblock,
          nicolae_letter_subblock, nicolae_letter_subblock,
          nicolae_letter_subblock, nicolae_letter_subblock]
Elf:2:    elven_hall_of_blades_hangedman_alternative
          [nicolae_blade_entry_floor_patterns], layout_gridlike,
          trove_entry_hex_spiral
Elf:3:    grunt_elf_hall_diamonds, layout_geoelf_diagonals, grunt_megastairs_5,
          uniq_louise
Vaults:1: nicolae_vaults_network_star, nicolae_vaults_door_testing_chamber,
          vaults_dpeg_doors, grunt_vaults_twisty,
          nicolae_vaults_trapezoid_lopsided_1, nicolae_vaults_ellipses_ellipsis,
          dpeg_vaults_monster_box, ontoclasm_vaults_gateway,
          nicolae_vaults_diamond_1, vaults_room_pools,
          layout_vaults_chaotic_city
Vaults:2: nicolae_vaults_windows_and_doors_thing, v_misc_1,
          nicolae_vaults_storage_closets_3, grunt_vaults_trifunnel,
          gammafunk_sealed_library, nicolae_vaults_trapezoid_lopsided_4,
          nicolae_vaults_closet_pinwheel_2, vaults_mumra_chevron,
          nicolae_vaults_diagonal_hallway_8, v_misc_19, nicolae_vaults_six-pack,
          nicolae_vaults_trapezoid_4, hangedman_vaults_impose,
          ontoclasm_vaults_claustrophobia, layout_vaults_omnibox, serial_shops,
          shop, uniq_sojobo
Vaults:3: hangedman_vaults_slice, nicolae_vaults_steering_wheel,
          ontoclasm_vaults_shuriken, vaults_room_corners,
          nicolae_vaults_trapezoid_1, nicolae_vaults_twisting_passages,
          nicolae_vaults_double_plus_3, hangedman_vaults_trim,
          layout_vaults_omnigrid, minmay_crypt_entry_simple_corners,
          serial_shops, shop
Vaults:4: portal_desolation_entry_twin_temple, ontoclasm_vaults_hangar,
          nicolae_vaults_double_plus_1, v_pattern_3,
          hangedman_vaults_restitches, nicolae_vaults_tangram_1,
          nicolae_vaults_double_plus_3, hangedman_vaults_snaps,
          ontoclasm_vaults_twist, nicolae_vaults_weapon_check,
          layout_vaults_big_cross
Vaults:5
Crypt:1:  layout_gridlike, grunt_ministairs_3, hangedman_crypt_dual_shrines
Crypt:2:  layout_misc_corridors, st_stairs_4, fountainhead
Crypt:3:  quadcrypt_mu, uniq_margery
Tomb:1
Tomb:2
Tomb:3
Depths:1: layout_twisted_cross, hell_entry, yredelemnul_altar_generic,
          hangedman_stitches_earthworm, uniq_norris
Depths:2: minmay_quarter_circles, layout_cave_pools, enter_ziggurat_d,
          pf_coc_iceberg, minmay_misc_feat_chi, rand_demon_pan_entry_1,
          serial_glass, glass_columns_c, glass_columns_c
Depths:3: hangedman_arrow_trap, layout_cave_pools, abyss_entry_crystal,
          fiery_altar_vehumet, hell_entry, nicolae_shop_firing_range,
          minmay_staircase_bubble
Depths:4: evilmike_zot_entry_basic, layout_small_grid,
          ebering_dispersal_statue_hall, hell_entry, minmay_variable_closet,
          grunt_megastairs_1
Hell
Dis:1:    layout_jigsaw
Dis:2:    layout_regular_city
Dis:3:    layout_subdivisions, nrook_loot_triangle
Dis:4:    layout_subdivisions
Dis:5:    layout_jigsaw
Dis:6:    layout_jigsaw
Dis:7:    dis_grunt_layers
Geh:1:    layout_gehenna_lava_caves
Geh:2:    layout_gehenna_lava_caves, nicolae_hells_seeping_fissure
Geh:3:    layout_gehenna_lava_caves
Geh:4:    layout_gehenna_lava_caves, gehenna_fire_generator
Geh:5:    layout_gehenna_pools_basic, lemuel_hellish_altar
Geh:6:    layout_gehenna_pools_triple
Geh:7:    evilmike_geh
Coc:1:    layout_ice_bergs
Coc:2:    layout_cocytus_water_paths
Coc:3:    layout_cocytus_water_paths
Coc:4:    layout_ice_bergs
Coc:5:    layout_cocytus_water_paths
Coc:6:    layout_cocytus_delve, nicolae_coc_kraken_the_ice
Coc:7:    coc_grunt_cove [coc_grunt_cove_antaeus, coc_grunt_cove_fiend,
          coc_grunt_cove_fiend, coc_grunt_cove_fiend, coc_grunt_cove_fiend]
Tar:1:    layout_grid_maze, lemuel_nasty_fountain
Tar:2:    layout_honeycomb
Tar:3:    layout_catacombs
Tar:4:    layout_catacombs, nicolae_tar_combbox
Tar:5:    layout_grid_maze
Tar:6:    layout_catacombs
Tar:7:    tar_mu [tar_mu_maze]
Zot:1:    nicolae_moth_party, layout_gridlike, skrybe_zot_glass_1,
          regret_index_zotdec_banners, uniq_josephina
Zot:2:    layout_cathedral_of_symmetry
Zot:3:    layout_cellular_growth, ebering_ghost_disaster_area,
          grunt_ministairs_9, regret_index_zotdec_fiery_em, grunt_megastairs_2
Zot:4:    layout_twisted_circle, st_stairs_4, hangedman_zot_spectrum, uniq_grunn
Zot:5:    layout_gridlike

Skill      XL: |  1  2  3  4  5  6  7  8  9 10 11 12 13 14 15 16 17 18 19 20 21 22 23 24 25 26 27 |
---------------+----------------------------------------------------------------------------------+-----
Conjurations   | 2 3 4 5 6 8 10 11 12 15 17 19 21 23 25 27 | 27.0
Fire Magic     | 4 5 6 8 10 16 17 18 19 22 | 22.0
Dodging        | 5 8 10 13 15 16 18 19 20 22 23 26 27 | 27.0
Stealth        | 5 10 | 10.0
Spellcasting   | 5 7 10 12 15 16 27 | 27.0
Necromancy     | 2 5 12 27 | 27.0
Short Blades   | 1 5 |  5.0
Air Magic      | 9 10 11 13 16 18 20 22 23 | 23.5
Shields        | 5 12 | 12.0
Translocations | 5 10 | 10.0
Fighting       | 4 10 18 | 18.8
Staves         | 8 12 | 12.0
Evocations     | 8 19 | 19.2
Earth Magic    | 27 | 27.0

Action                     |  1- 3 |  4- 6 |  7- 9 | 10-12 | 13-15 | 16-18 | 19-21 | 22-24 | 25-27 || total
---------------------------+-------+-------+-------+-------+-------+-------+-------+-------+-------++-------
  Melee: Staff             |       |     2 |       |       |    21 |    15 |   168 |   104 |  1203 ||  1513
         Dagger            |       |       |       |    20 |    27 |    11 |       |       |       ||    58
         Punch             |       |       |       |     1 |     1 |       |       |       |       ||     2
   Cast: Foxfire           |    82 |    61 |    67 |   159 |    91 |       |       |       |       ||   460
         Scorch            |       |    18 |    71 |   176 |    77 |       |       |       |       ||   342
         Flame Wave        |       |       |     5 |    46 |    34 |       |       |       |       ||    85
         Plasma Beam       |       |       |       |       |   249 |   440 |   277 |   118 |    20 ||  1104
         Airstrike         |       |       |       |       |    15 |    13 |    11 |       |       ||    39
         Iskenderun's Myst |       |       |       |       |    12 |    27 |     9 |     2 |     3 ||    53
         Conjure Ball Ligh |       |       |       |       |    16 |     2 |       |       |       ||    18
         Dispel Undead     |       |       |       |       |     3 |       |     2 |       |    10 ||    15
         Mephitic Cloud    |       |       |       |       |     1 |     3 |       |       |       ||     4
         Blink             |       |       |       |       |     1 |       |       |     2 |     8 ||    11
         Starburst         |       |       |       |       |       |    51 |     4 |     8 |       ||    63
         Ignition          |       |       |       |       |       |     8 |   116 |    97 |     1 ||   222
         Maxwell's Capacit |       |       |       |       |       |       |    28 |    84 |    12 ||   124
         Chain Lightning   |       |       |       |       |       |       |     6 |    87 |   458 ||   551
         Fire Storm        |       |       |       |       |       |       |       |    41 |   817 ||   858
         Bombard           |       |       |       |       |       |       |       |       |   542 ||   542
         Orb of Destructio |       |       |       |       |       |       |       |       |   184 ||   184
         Sublimation of Bl |       |       |       |       |       |       |       |       |   127 ||   127
         Shatter           |       |       |       |       |       |       |       |       |   112 ||   112
         Death's Door      |       |       |       |       |       |       |       |       |     4 ||     4
  Evoke: Wand              |       |     3 |     8 |     8 |     5 |     2 |     1 |       |    23 ||    50
         Lightning rod     |       |       |       |       |     4 |       |     3 |     4 |     4 ||    15
    Use: Potion            |       |     1 |     2 |     6 |     2 |     1 |     2 |    10 |    33 ||    57
         Scroll            |       |     8 |     3 |    10 |    10 |    11 |     8 |     9 |    28 ||    87
   Stab: Sleeping          |       |       |       |     1 |       |       |       |     1 |     4 ||     6
         Paralysed         |       |       |       |     4 |       |       |       |       |       ||     4
         Confused          |       |       |       |       |       |     2 |       |       |       ||     2
         Distracted        |       |       |       |       |       |       |     1 |     1 |     8 ||    10
 Armour: Robe              |    10 |    12 |    23 |       |    21 |   127 |    85 |   173 |   912 ||  1363
         Steam dragon scal |       |       |    20 |   153 |   101 |       |       |       |       ||   274
         Troll leather arm |       |       |       |       |    33 |       |       |       |       ||    33
  Dodge: Dodged            |    12 |    19 |    45 |   289 |   268 |   251 |   218 |   288 |  1489 ||  2879
         Repelled          |       |       |       |       |       |       |    15 |    17 |    20 ||    52
  Block: Buckler           |       |       |       |       |    41 |    83 |    84 |    65 |   550 ||   823
         Reflection        |       |       |       |       |       |       |       |       |     3 ||     3

Table legend: (Time is in decaauts)
 A = Elapsed time spent in this place.
 B = Non-inter-level travel time spent in this place.
 C = Inter-level travel time spent in this place.
 D = Time resting spent in this place.
 E = Time spent auto-exploring this place.
 F = Levels seen in this place.
 G = Mean time per level.
                   A        B        C        D        E       F      G
               +--------+--------+--------+--------+--------+-----+--------+
         Total | 141619 | 124915 |  16704 |  29233 |  72305 | 111 | 1275.8 |
       Dungeon |  23812 |  19735 |   4077 |   2991 |  13760 |  15 | 1587.5 |
        Temple |      1 |      1 |      0 |      0 |      0 |   1 |    1.0 |
          Lair |   8472 |   7160 |   1312 |   1475 |   4250 |   5 | 1694.4 |
         Swamp |   5635 |   5079 |    556 |   1751 |   2781 |   4 | 1408.8 |
   Spider Nest |   7732 |   7234 |    498 |   3002 |   3267 |   4 | 1933.0 |
    Slime Pits |   4002 |   3502 |    500 |    851 |   2242 |   5 |  800.4 |
  Orcish Mines |   3925 |   2902 |   1023 |    554 |   1899 |   2 | 1962.5 |
   Elven Halls |   5171 |   4487 |    684 |    609 |   3152 |   3 | 1723.7 |
        Vaults |  11777 |  10325 |   1452 |   1925 |   6917 |   5 | 2355.4 |
         Crypt |   5748 |   4673 |   1075 |    482 |   3491 |   3 | 1916.0 |
          Tomb |   5907 |   5222 |    685 |   1140 |   2880 |   3 | 1969.0 |
        Depths |   6924 |   5722 |   1202 |   1627 |   3327 |   4 | 1731.0 |
          Hell |   1447 |   1269 |    178 |    868 |    243 |   1 | 1447.0 |
           Dis |   7121 |   6626 |    495 |   1582 |   3654 |   7 | 1017.3 |
       Gehenna |   5355 |   4930 |    425 |   1491 |   2522 |   7 |  765.0 |
       Cocytus |   4331 |   3956 |    375 |   1476 |   1175 |   7 |  618.7 |
      Tartarus |   6973 |   6232 |    741 |    895 |   3758 |   7 |  996.1 |
           Zot |  11546 |  10130 |   1416 |   3078 |   5866 |   5 | 2309.2 |
         Abyss |    330 |    330 |      0 |     28 |     80 |   4 |   82.5 |
   Pandemonium |  11968 |  11968 |      0 |   2540 |   5529 |  15 |  797.9 |
         Trove |     49 |     49 |      0 |      0 |      8 |   1 |   49.0 |
      Ice Cave |   1059 |   1059 |      0 |    576 |    102 |   1 | 1059.0 |
    Desolation |   1700 |   1700 |      0 |    216 |   1017 |   1 | 1700.0 |
      Gauntlet |    622 |    622 |      0 |     73 |    381 |   1 |  622.0 |
               +--------+--------+--------+--------+--------+-----+--------+

Top non-repeatable levels by time:
   Dis:7: 5269 daAuts
   Tar:7: 4362 daAuts
  Tomb:1: 3907 daAuts
    D:10: 3710 daAuts
 Crypt:3: 3262 daAuts
   Zot:5: 3010 daAuts
   Coc:7: 2902 daAuts
   Geh:7: 2882 daAuts
Spider:2: 2866 daAuts
   Zot:3: 2788 daAuts
Vaults:1: 2716 daAuts
   Orc:2: 2567 daAuts
Vaults:2: 2487 daAuts
   Zot:1: 2438 daAuts
  Lair:2: 2398 daAuts
